 Dungeon Crawl Stone Soup version 0.20.1-1-g8b1a95d (webtiles) character file.

35819 Hylith the Protected (level 13, -4/122 HPs)
             Began as a Minotaur Berserker on Dec 25, 2017.
             Was the Champion of Trog.
             Slain by an emperor scorpion (5 damage)
             ... on level 2 of the Spider Nest.
             The game lasted 01:00:01 (14484 turns).

Hylith the Protected (Minotaur Berserker)          Turns: 14484, Time: 01:00:02

Health: -4/122     AC: 22    Str: 26    XL:     13   Next: 49%
Magic:  4/4        EV:  8    Int:  4    God:    Trog [******]
Gold:   560        SH: 12    Dex: 12    Spells: 12/12 levels left

rFire    . . .     SeeInvis .   z - +5 eveningstar (antimagic)
rCold    + . .     Gourm    .   L - +0 shield
rNeg     . . .     Faith    .   Q - +0 plate armour
rPois    +         Spirit   .   (helmet restricted)
rElec    +         Reflect  .   E - +1 cloak
rCorr    .         Harm     .   C - +2 pair of gloves "Zileprey" {rElec rPois rC+ Dex-2}
MR       .....                  (no boots)
Stlth    ..........             P - amulet of regeneration
Regen    0.7/turn               M - +3 ring of dexterity
MPRegen  0.1/turn               s - ring of poison resistance

@: lethally poisoned (-4 -> -16)
A: retaliatory headbutt, horns 2
a: Berserk, Trog's Hand, Brothers in Arms, Burn Spellbooks, Renounce Religion


You were on level 2 of the Spider Nest.
You worshipped Trog.
Trog was exalted by your worship.
You were not hungry.

You visited 3 branches of the dungeon, and saw 17 of its levels.

You collected 1035 gold pieces.
You spent 475 gold pieces at shops.

Inventory:

Hand Weapons
 o - a +4 antimagic glaive
 t - a +0 great mace
 z - a +5 antimagic eveningstar (weapon)
 W - a +3 demon trident of electrocution
Missiles
 N - a javelin of returning (quivered)
Armour
 k - the +1 scale mail of the Invisible Hand {rElec}
   (You found it on level 2 of the Spider Nest)

   It insulates you from electricity.
 C - the +2 pair of gloves "Zileprey" (worn) {rElec rPois rC+ Dex-2}
   (You found it on level 4 of the Dungeon)

   It affects your dexterity (-2).
   It protects you from cold.
   It insulates you from electricity.
   It protects you from poison.
 E - a +1 cloak (worn)
 L - a +0 shield (worn)
 Q - a +0 plate armour (worn)
Jewellery
 s - a ring of poison resistance (right hand)
 K - an uncursed ring of stealth
 M - a +3 ring of dexterity (left hand)
 P - an amulet of regeneration (around neck)
 Z - an uncursed ring of fire
Wands
 y - a wand of iceblast (6/15)
 A - a wand of polymorph (8/24)
 G - a wand of disintegration (9/24)
Scrolls
 b - a scroll of immolation
 c - a scroll of random uselessness
 e - 10 scrolls of remove curse
 i - 3 scrolls of teleportation
 l - a scroll of fear
 p - 3 scrolls of amnesia
 q - 5 scrolls of recharging
 u - 9 scrolls of fog
 w - 2 scrolls of enchant weapon
 x - 6 scrolls of magic mapping
 T - a scroll of holy word
 V - 2 scrolls of blinking
Potions
 d - 6 potions of curing
 h - a potion of heal wounds
 j - 3 potions of ambrosia {unknown}
 n - 7 potions of might
 r - 4 potions of mutation
 v - 3 potions of haste
 B - 2 potions of flight
 D - 4 potions of agility
 F - a potion of degeneration
 I - 3 potions of lignification
 O - a potion of brilliance
 S - 3 potions of invisibility
Comestibles
 a - 4 bread rations
 f - 11 meat rations
 g - 7 royal jellies
 m - 6 fruits


   Skills:
 * Level 13.1 Fighting
   Level 9.0(13.0) Axes
 - Level 10.5(11.8) Maces & Flails
 * Level 11.5(12.6) Polearms
   Level 0.9 Bows
 - Level 0.4 Throwing
 * Level 14.2 Armour
 - Level 2.3 Dodging
 + Level 9.6 Shields


You had 12 spell levels left.
You didn't know any spells.

Dungeon Overview and Level Annotations

Branches:
Dungeon (11/15)            Temple (0/1) D:5            Lair (3/6) D:11
 Shoals (0/4) Lair:3       Spider (3/4) Lair:3          Orc (0/2) D:10

Altars:

Shops:
D:7 (?   D:9 [[

Annotations:
D:8 Gastronok
Lair:3 Sonja


Innate Abilities, Weirdness & Mutations

You reflexively headbutt those who attack you in melee.
You have a pair of horns on your head.


Message History

Your headbutt misses the emperor scorpion.
The emperor scorpion is lightly wounded.
You block the emperor scorpion's attack.
The emperor scorpion claws you but does no damage.
You block the emperor scorpion's attack.
The emperor scorpion stings you but does no damage.
You block the emperor scorpion's attack.
The emperor scorpion claws you.
* * * LOW HITPOINT WARNING * * *
You miss the emperor scorpion.
You headbutt the emperor scorpion, but do no damage.
The emperor scorpion is lightly wounded.
The emperor scorpion stings you!
* * * LOW HITPOINT WARNING * * *
You are lethally poisoned!
The emperor scorpion poisons you!
You block the emperor scorpion's attack. x3
The emperor scorpion claws you but does no damage.
The emperor scorpion claws you.
You die...

############### #####
...#..........## ####...#
...............# ###......#
.....=^.....###### ##......###
..............#s@## #.......###
##.............s..# ###.........#
#......#..#......####....##......
.......######....# #....##.......
.........#####^..# #.|..#......#.
#.........#......###....##....###
##.......##.......##.....##...#..
#####..##......###..^...#....##.
######....##.......###.<.#..


You could see 2 emperor scorpions.

Vanquished Creatures
  Harold (Lair:1)
  2 hydras
  The ghost of Hylith the Fighter, a novice MiBe of Trog (D:8)
  3 two-headed ogres
  Urug (D:11)
  Pikel (D:8)
  5 orb spiders
  10 wolf spiders
  A moth of wrath (Spider:1)
  2 cyclopes
  A merfolk siren (Lair:3)
  6 spiny frogs
  A torpor snail (Spider:3)
  A rime drake (Lair:3)
  7 demonic crawlers
  3 komodo dragons
  8 jumping spiders
  4 merfolk
  Prince Ribbit (D:9)
  3 hippogriffs
  A blink frog (Lair:2)
  14 tarantellas
  14 redbacks
  9 yaks
  A wyvern (D:11)
  A hungry ghost (D:11)
  2 vampire mosquitoes (D:9)
  Menkaure (D:4)
  5 water moccasins
  3 porcupines
  5 orc warriors
  5 sky beasts
  An ice beast (D:6)
  3 phantoms
  4 slaves (D:8)
  3 black bears
  4 ogres
  3 centaurs
  4 crocodiles
  11 bullfrogs
  A big kobold (D:10)
  4 gnoll sergeants (D:9)
  4 scorpions (D:11)
  23 killer bees
  5 electric eels
  3 howler monkeys
  5 crimson imps
  A bullfrog zombie (D:5)
  The ghost of OnekoMk1 the Gusty, a weakling DEAE of Vehumet (D:7)
  16 hounds
  A quasit (D:8)
  A centaur zombie (D:5)
  5 gnoll shamans
  6 orc priests
  2 bullfrog skeletons
  A centaur skeleton (D:5)
  2 jellies
  14 orc wizards
  An iguana (D:8)
  9 worker ants
  A hound skeleton (D:5)
  A worker ant zombie (D:10)
  39 gnolls (D:9)
  20 adders
  A shadow imp (D:9)
  An adder zombie (D:8)
  An adder skeleton (D:4)
  4 worms
  A dart slug (D:1)
  5 leopard geckos
  46 orcs
  7 bats
  A giant cockroach (D:2)
  6 goblins
  8 hobgoblins
  29 jackals
  3 quokkas
  4 ball pythons
  5 frilled lizards
  A giant cockroach zombie (D:5)
  14 kobolds
  A leopard gecko zombie (D:5)
  A quokka skeleton (D:6)
  14 rats
  A bush (Lair:2)
  3 fungi (D:11)
  6 plants
485 creatures vanquished.

Vanquished Creatures (others)
  A fungus (Lair:2)
  7 plants (Lair:2)
8 creatures vanquished.

Grand Total: 493 creatures vanquished

Notes
Turn   | Place    | Note
-------+----------+-------------------------------------------
     0 | D:1      | Hylith the Minotaur Berserker began the quest for the Orb.
     0 | D:1      | Reached XP level 1. HP: 19/19 MP: 0/0
   116 | D:1      | Reached XP level 2. HP: 6/27 MP: 1/1
   819 | D:2      | Reached XP level 3. HP: 29/33 MP: 2/2
  1115 | D:2      | Reached ** piety under Trog
  1115 | D:2      | Reached skill level 3 in Armour
  1134 | D:2      | Found a faded altar of an unknown god.
  1625 | D:3      | Reached XP level 4. HP: 40/41 MP: 3/3
  1882 | D:3      | Reached skill level 5 in Axes
  2284 | D:3      | Reached XP level 5. HP: 43/47 MP: 4/4
  2566 | D:4      | Reached *** piety under Trog
  2594 | D:4      | Reached skill level 4 in Armour
  2610 | D:4      | Reached skill level 5 in Fighting
  2816 | D:4      | Reached XP level 6. HP: 45/56 MP: 5/5
  2917 | D:4      | Got a pair of twisted gloves
  2923 | D:4      | Identified the +2 pair of gloves "Zileprey" {rElec rPois rC+ Dex-2} (You found it on level 4 of the Dungeon)
  2935 | D:4      | Noticed Menkaure
  2947 | D:4      | Killed Menkaure
  3264 | D:4      | Reached skill level 5 in Armour
  3615 | D:5      | Entered Level 5 of the Dungeon
  3671 | D:5      | Reached XP level 7. HP: 51/61 MP: 6/6
  3701 | D:5      | Reached skill level 1 in Maces & Flails
  4088 | D:5      | Reached skill level 6 in Armour
  4376 | D:5      | Reached XP level 8. HP: 64/70 MP: 7/7
  4528 | D:5      | Reached **** piety under Trog
  4653 | D:5      | Found a staircase to the Ecumenical Temple.
  4705 | D:5      | Reached skill level 5 in Maces & Flails
  4815 | D:7      | Noticed a hippogriff
  4850 | D:6      | Reached skill level 7 in Armour
  4930 | D:6      | Reached skill level 1 in Shields
  5343 | D:7      | Noticed OnekoMk1's ghost (weakling DEAE)
  5346 | D:7      | Killed OnekoMk1's ghost
  5380 | D:7      | Reached XP level 9. HP: 71/79 MP: 8/8
  5397 | D:7      | Found Xioba's Weapon Emporium.
  5453 | D:7      | Found Agoviv's Magic Scroll Boutique.
  5509 | D:7      | Bought a scroll of enchant weapon for 90 gold pieces
  5595 | D:7      | Reached ***** piety under Trog
  5600 | D:7      | Reached skill level 8 in Armour
  5805 | D:8      | Noticed Hylith's ghost (novice MiBe)
  5956 | D:8      | Killed Hylith's ghost
  6198 | D:8      | Received a gift from Trog
  6202 | D:8      | Reached skill level 9 in Armour
  6210 | D:8      | Noticed Pikel
  6245 | D:8      | Killed Pikel
  6254 | D:8      | Reached XP level 10. HP: 50/90 MP: 9/9
  6522 | D:8      | Noticed Gastronok
  6970 | D:9      | Reached skill level 10 in Maces & Flails
  7092 | D:9      | Reached skill level 10 in Armour
  7370 | D:9      | Noticed a cyclops
  7385 | D:9      | Killed a cyclops
  7458 | D:9      | Noticed Prince Ribbit
  7509 | D:9      | Received a gift from Trog
  7796 | D:9      | Reached skill level 5 in Shields
  7921 | D:9      | Found Ilekk's Armour Shoppe.
  7952 | D:9      | Killed Prince Ribbit
  8054 | D:9      | Found Jyikieri's Armour Shop.
  8162 | D:9      | Bought a +0 cloak for 63 gold pieces
  8162 | D:9      | Bought a +0 plate armour for 322 gold pieces
  8209 | D:9      | Reached skill level 10 in Fighting
  8238 | D:10     | Entered Level 10 of the Dungeon
  8583 | D:10     | Reached XP level 11. HP: 89/99 MP: 10/10
  8637 | D:10     | Noticed a two-headed ogre
  8653 | D:10     | Reached skill level 11 in Armour
  8691 | D:10     | Killed a two-headed ogre
  8740 | D:10     | Noticed a two-headed ogre
  8788 | D:10     | Killed a two-headed ogre
  8828 | D:10     | Found a staircase to the Orcish Mines.
  9244 | D:11     | Noticed Urug
  9277 | D:11     | Killed Urug
  9292 | D:11     | Noticed a two-headed ogre
  9310 | D:11     | Killed a two-headed ogre
  9310 | D:11     | Reached skill level 1 in Polearms
  9380 | D:11     | Reached ****** piety under Trog
  9380 | D:11     | Received a gift from Trog
  9453 | D:11     | Noticed a seven-headed hydra
  9470 | D:11     | Killed a seven-headed hydra
  9721 | D:11     | Found a staircase to the Lair.
  9733 | Lair:1   | Entered Level 1 of the Lair of Beasts
  9754 | Lair:1   | Reached skill level 5 in Polearms
  9939 | Lair:1   | Received a gift from Trog
  9939 | Lair:1   | Reached skill level 12 in Armour
  9979 | Lair:1   | Noticed Harold
  9998 | Lair:1   | Killed Harold
  9998 | Lair:1   | Reached XP level 12. HP: 65/110 MP: 3/11
 11750 | Lair:3   | Noticed an eight-headed hydra
 11769 | Lair:3   | Killed an eight-headed hydra
 12173 | Lair:3   | Noticed Sonja
 12261 | Lair:3   | Found a staircase to the Shoals.
 12347 | Lair:3   | Found a hole to the Spider Nest.
 12352 | Spider:1 | Entered Level 1 of the Spider Nest
 12739 | Spider:1 | Reached skill level 10 in Polearms
 12739 | Spider:1 | Reached skill level 13 in Armour
 13052 | Spider:1 | Reached XP level 13. HP: 89/119 MP: 12/12
 13208 | Spider:1 | Received a gift from Trog
 14019 | Spider:2 | Got a slimy scale mail
 14030 | Spider:2 | Identified the +1 scale mail of the Invisible Hand {rElec} (You found it on level 2 of the Spider Nest)
 14168 | Spider:2 | Reached skill level 14 in Armour
 14460 | Spider:3 | Noticed an emperor scorpion
 14461 | Spider:3 | Noticed an emperor scorpion
 14473 | Spider:3 | HP: 3/122 [emperor scorpion (18)]
 14484 | Spider:2 | HP: 1/122 [emperor scorpion (13)]
 14484 | Spider:2 | Slain by an emperor scorpion

Skill      XL: |  1  2  3  4  5  6  7  8  9 10 11 12 13 |
---------------+----------------------------------------+-----
Fighting       | 4 5 6 7 8 10 11 12 13 | 13.1
Axes           | 4 5 6 7 8 9 |  9.0
Armour         | 3 4 5 6 7 9 10 12 13 14 | 14.2
Maces & Flails | 4 7 9 10 | 10.5
Shields        | 1 3 6 8 9 |  9.6
Polearms       | 6 10 11 | 11.5
Bows           | |  0.9
Throwing       | |  0.4
Dodging        | |  2.3

Action                   |  1- 3 |  4- 6 |  7- 9 | 10-12 | 13-15 || total
-------------------------+-------+-------+-------+-------+-------++-------
Melee: Hand axe          |   102 |   140 |   105 |   183 |       ||   530
       Headbutt          |    12 |    23 |    67 |   195 |    33 ||   330
       Flail             |       |     3 |    17 |   281 |       ||   301
       Morningstar       |       |       |   197 |       |       ||   197
       Demon trident     |       |       |       |   367 |    35 ||   402
       Glaive            |       |       |       |    29 |       ||    29
       Eveningstar       |       |       |       |       |   133 ||   133
 Fire: Shortbow          |       |       |       |     7 |       ||     7
Throw: Javelin           |       |       |       |     6 |     3 ||     9
  Use: Scroll            |       |       |     1 |    22 |     1 ||    24
       Potion            |       |       |       |       |     6 ||     6
  Eat: Bread ration      |     1 |     1 |       |     3 |     1 ||     6
       Chunk             |     1 |       |     7 |    10 |     1 ||    19
Armor: Animal skin       |     9 |       |       |       |       ||     9
       Ring mail         |    18 |    41 |    83 |       |       ||   142
       Scale mail        |       |       |    87 |   149 |       ||   236
       Plate armour      |       |       |       |   384 |   149 ||   533
Dodge: Dodged            |    58 |    68 |   153 |   296 |    77 ||   652
Block: Shield            |       |       |   101 |   525 |   137 ||   763
